 Dungeon Crawl Stone Soup version 0.32-a0-30-gefbe487952 (webtiles) character file.

Game seed: 17619176402903988070

27487 Drazool the Summoner (level 13, -6/81 HPs)
             Began as an Octopode Summoner on Jan 19, 2024.
             Was a High Priest of Sif Muna.
             Mangled by a cane toad (18 damage)
             ... on level 4 of the Lair of Beasts.
             The game lasted 01:19:30 (16629 turns).

Drazool the Summoner (Octopode Summoner)           Turns: 16629, Time: 01:19:31

Health: -6/81      AC:  5    Str:  4    XL:     13   Next: 32%
Magic:  24/30      EV: 16    Int: 22    God:    Sif Muna [*****.]
Gold:   906        SH:  0    Dex: 13    Spells: 4/28 levels left

rFire   + .          .
                       - Unarmed
rCold   . . .        (no shield)
rNeg    + + .        (helmet restricted)
rPois   +            u
                       - Hermit's Pendant {Faith Invo=14 Evo=0 MP+5}
rElec   +            T - +4 ring of protection
rCorr   .            Z - ring of wizardry
SInv    .            i - ring "Riorr" {rElec rF+ rN++ Str-3 Slay+3}
Will    +....        P - ring of poison resistance
Stlth   +++          W - ring of willpower
HPRegen 0.33/turn    (no ring)
MPRegen 0.22/turn    (no ring)
                     (no ring)

%: faith, wizardry (x1)
@: maw-form
A: devouring maw, almost no armour, amphibious, 8 rings, camouflage 1,
gelatinous body 1, (nimble swimmer 1), tentacles
a: Begin Untransformation, Renounce Religion, Channel Magic, Forget Spell,
Divine Exegesis


You were on level 4 of the Lair of Beasts.
You worshipped Sif Muna.
Sif Muna was extremely pleased with you.
You were a creature with a mouth for a stomach.
You visited 3 branches of the dungeon, and saw 16 of its levels.
You also visited: Bailey.

You collected 906 gold pieces.


Innate Abilities, Weirdness & Mutations

You are a creature with a mouth for a stomach.
Your midsection houses a second, enormous mouth.
You cannot wear most types of armour.
You are amphibious.
You can wear up to eight rings at the same time.
Your skin changes colour to match your surroundings (Stealth+).
Your rubbery body absorbs attacks. (AC +1, EV +1)
((You are camouflaged when in or above water. (Stealth+)))
You have tentacles for arms and can constrict up to eight enemies at once.


   Skills:
 - Level 5.0 Fighting
 - Level 8.0 Dodging
 - Level 3.0 Stealth
 - Level 5.0 Unarmed Combat
 - Level 8.0 Spellcasting
 + Level 12.1 Summonings
 - Level 7.0 Fire Magic
 - Level 5.0 Air Magic
 - Level 10.0 Shapeshifting


You had 4 spell levels left.
You knew the following spells:

 Your Spells              Type           Power      Damage    Failure   Level
b - Summon Ice Beast      Ice/Summ       35%        N/A       1%          3
c - Call Imp              Summ           100%       N/A       1%          2
f - Call Canine Familiar  Summ           58%        N/A       1%          3
h - Summon Hydra          Summ           29%        N/A       17%         7
l - Summon Lightning Spi  Summ/Air       46%        N/A       1%          4
z - Summon Small Mammal   Summ           100%       N/A       1%          1
X - Summon Blazeheart Go  Fire/Summ      50%        N/A       1%          4

Your spell library contained the following spells:

 Spells                   Type           Power      Damage    Failure   Level
 Shock                    Conj/Air       76%        1d7       1%          1
 Mercury Vapours          Alch/Air       38%        N/A       1%          2
 Swiftness                Air            30%        N/A       1%          3
 Cigotuvi's Dreadful Rot  Necr/Alch/Air  32%        N/A       2%          2
 Martyr's Knell           Necr/Summ      35%        N/A       2%          4
 Blink                    Tloc           16%        N/A       4%          2
 Ensorcelled Hibernation  Hex/Ice        16%        N/A       4%          2
 Lesser Beckoning         Tloc           16%        N/A       4%          2
 Momentum Strike          Conj/Tloc      16%        3d8       4%          2
 Mephitic Cloud           Conj/Alch/Air  16%        N/A       4%          3
 Airstrike                Air            15%        2d(3-19)  4%          4
 Ignite Poison            Fire/Alch      24%        N/A       7%          4
 Manifold Assault         Tloc           8%         N/A       28%         4
 Monstrous Menagerie      Summ           29%        N/A       17%         7
 Freezing Cloud           Conj/Ice/Air   8%         6-21      38%         5
 Lee's Rapid Deconstruct  Erth           4%         3d5*      58%         5
 Summon Horrible Things   Summ           29%        N/A       77%         8
 Haunt                    Necr/Summ      17%        N/A       88%         7
 Malign Gateway           Summ/Tloc      17%        N/A       88%         7
 Dispersal                Tloc           4%         N/A       98%         6
 Sculpt Simulacrum        Ice/Alch       4%         N/A       98%         6
 Ozocubu's Refrigeration  Ice            4%         4d8       100%        7
 Disjunction              Tloc           4%         N/A       100%        8
 Maxwell's Capacitive Co  Air            15%        ∞         100%        8
 Polar Vortex             Ice            4%         N/A       100%        9
 Animate Armour           Summ/Erth      Unusable   N/A       N/A         4

Inventory:

Hand Weapons
 k - a +1 dagger of venom
 n - a +1 dagger of speed
Missiles
 q - 9 curare-tipped darts {=f}
Magical Staves
 e - a staff of air {!a}
 E - a staff of fire {!a}
Jewellery
 i - the ring "Riorr" (on tentacle) {rElec rF+ rN++ Str-3 Slay+3}
   (You acquired it on level 10 of the Dungeon)

   [ring of protection from fire]

   Str-3:     It affects your strength (-3).
   Slay+3:    It affects your accuracy & damage with ranged weapons and melee
   (+3).
   rF+:       It protects you from fire.
   rElec:     It insulates you from electricity.
   rN++:      It greatly protects you from negative energy.
 u - the Hermit's Pendant (around mantle) {Faith Invo=14 Evo=0 MP+5}
   (You found it on level 5 of the Dungeon)

   [amulet of faith]

   Invo=14: It sets your Invocations skill to 14.
   Evo=0: It sets your Evocations skill to 0.
   Faith:     It allows you to gain divine favour quickly.
   MP+5:      It affects your magic capacity (+5).
 v - an amulet of reflection
 D - an amulet of the acrobat
 P - a ring of poison resistance (on tentacle)
 T - a +4 ring of protection (left tentacle)
 W - a ring of willpower (on tentacle)
 Z - a ring of wizardry (right tentacle)
Talismans
 s - a maw talisman (active)
Wands
 h - a wand of roots (20)
 G - a wand of paralysis (3)
 H - a wand of mindburst (12)
 J - a wand of flame (13)
Scrolls
 c - 3 scrolls of fear
 d - a scroll of torment {unknown}
 f - a scroll of silence {!r}
 g - a scroll of enchant armour
 j - 4 scrolls of teleportation {@r2}
 p - a scroll of butterflies
 y - a scroll of fog
 A - 3 scrolls of revelation
 I - a scroll of vulnerability
Potions
 a - 2 potions of magic
 b - 5 potions of mutation
 l - 2 potions of cancellation {unknown}
 m - 2 potions of brilliance
 o - 2 potions of attraction {unknown}
 t - 2 potions of resistance {unknown}
 w - 5 potions of curing {@q1}
 x - a potion of enlightenment {unknown}
 z - 2 potions of heal wounds {unknown}
 B - 2 potions of haste {@q3}
 C - a potion of degeneration {unknown}
 F - 2 potions of berserk rage {unknown}
 L - a potion of ambrosia
Miscellaneous
 r - a lightning rod (4/4)
 K - a phial of floods

Dungeon Overview and Level Annotations

Branches:
Dungeon (11/15)            Temple (1/1) D:4            Lair (4/5) D:11
  Swamp (0/4) Lair:2        Snake (0/4) Lair:2          Orc (0/2) D:10
 Bailey (visited)
  Slime: Lair:4-5

Altars:
Ashenzari
Cheibriados
Dithmenos
Elyvilon
Fedhas
Gozag
Hepliaklqana
Kikubaaqudgha
Makhleb
Nemelex Xobeh
Okawaru
Qazlal
Ru
Sif Muna
Trog
Uskayaw
Vehumet
Wu Jian
Xom
Yredelemnul
Zin
The Shining One

Annotations:
D:11 3 runed translucent doors, Urug

..............
.............#.
.................
.............#...
.................
.[...........P...
......B..........
.......F9........
##P..#.WS........
##.....8†....#..
#...#...<....P..
##P.............
##.............
#.#...........
.....#........#
..............#
.............##


You could see a boulder beetle, a cane toad, a water moccasin (ally target), a
friendly lightning spire (summoned) and a friendly blazeheart golem (summoned).


Message History

The water moccasin bites you.
The water moccasin bites your blazeheart golem but does no damage.
Unknown command.
Casting: Summon Blazeheart Golem (mildly dangerous; 1% risk of failure)
Confirm with . or Enter, or press ? or * to list all spells.
An electric hum fills the air.
The water moccasin bites your blazeheart golem!
Your blazeheart golem barely misses the water moccasin.
Unknown command.
The water moccasin bites your blazeheart golem but does no damage. x2
The boulder beetle hits you!
The boulder beetle stops rolling and uncurls.
The cane toad stings you!
Your blazeheart golem punches the water moccasin.
The water moccasin bites your blazeheart golem but does no damage.
The boulder beetle bites you! The cane toad barely misses you.
Your lightning spire shoots out a bolt of lightning at the water moccasin!
The bolt of electricity misses the water moccasin.
Unknown command.
The water moccasin bites your blazeheart golem but does no damage.
The boulder beetle bites you!!
* * * LOW HITPOINT WARNING * * *
The cane toad stings you!
* * * LOW HITPOINT WARNING * * *
The water moccasin bites your blazeheart golem but does no damage.
Unknown command.
Your blazeheart golem misses the water moccasin.
The cane toad attacks as it pursues you!
The cane toad stings you!!
You die...

Skill      XL: |  1  2  3  4  5  6  7  8  9 10 11 12 13 |
---------------+----------------------------------------+-----
Summonings     | 5 6 7 10 12 | 12.1
Spellcasting   | 3 4 5 6 8 |  8.0
Fire Magic     | 1 4 5 7 |  7.0
Stealth        | 3 |  3.0
Fighting       | 3 5 |  5.0
Air Magic      | 5 |  5.0
Shapeshifting  | 5 9 10 | 10.0
Dodging        | 6 8 |  8.0
Unarmed Combat | 5 |  5.0

Action                     |  1- 3 |  4- 6 |  7- 9 | 10-12 | 13-15 || total
---------------------------+-------+-------+-------+-------+-------++-------
  Melee: Unarmed           |     4 |       |       |    72 |    16 ||    92
         Constrict         |     1 |     5 |     5 |    20 |     4 ||    35
         Dagger            |       |    11 |    30 |    27 |       ||    68
         Tentacles         |       |     3 |     8 |    42 |     6 ||    59
         Punch             |       |       |     1 |     2 |     1 ||     4
         Maw               |       |       |       |    38 |     6 ||    44
   Fire: Sling             |     4 |     4 |       |       |       ||     8
  Throw: Dart              |       |       |       |     1 |       ||     1
   Cast: Summon Small Mamm |    35 |    20 |    42 |    13 |       ||   110
         Call Imp          |    22 |    20 |    17 |     3 |       ||    62
         Call Canine Famil |     1 |    12 |    13 |     7 |     1 ||    34
         Summon Blazeheart |       |       |    30 |    88 |    20 ||   138
         Summon Lightning  |       |       |     6 |    10 |     2 ||    18
         Summon Ice Beast  |       |       |       |     2 |       ||     2
    Use: Scroll            |       |       |    11 |     7 |     2 ||    20
         Potion            |       |       |     2 |     3 |       ||     5
   Stab: Distracted        |       |       |     2 |       |       ||     2
         Sleeping          |       |       |       |     4 |       ||     4
 Armour: Skin              |     7 |    18 |    41 |    86 |    34 ||   186
  Dodge: Dodged            |    13 |    17 |    44 |    93 |    44 ||   211
   Form: Maw               |       |       |       |     1 |       ||     1

Levels and vault maps discovered:
D:1:      scummos_arrival_simple_crosswalls, layout_loops_cross,
          chequers_ecumenical_altar_lobes
D:2:      layout_loops_ring
D:3:      layout_loops_corners, grunt_temple_overflow_order_and_chaos_1,
          lemuel_crystal_altar, vehumet_statue
D:4:      layout_loops_ring, minmay_temple_entry_steel_oval
D:5:      layout_loops_ring, mainiacjoe_overflow_chevrons, chequers_jeans,
          water_boxes_lemuel
D:6:      minmay_octagon_keep, layout_loops_ring, lemuel_doored_altar
D:7:      layout_rooms, tso_metal_star, serial_curves, eino_curves_03,
          eino_curves_02, eino_curves_01, kennysheep_potato
D:8:      layout_loops_ring
D:9:      layout_roguey, enter_bailey_8
D:10:     layout_roguey, minmay_orc_entry_temple_small, st_stairs_2,
          minmay_ruffians
D:11:     layout_loops_ring, dpeg_lair_monsters,
          ploomutoo_gammafunk_ghost_potion_laboratory, uniq_urug
Temple:   eino_wide_crystal_templ
Lair:1:   layout_misc_corridors, chequers_serial_rivers_small_a,
          infiniplex_staircase_pool
Lair:2:   layout_chaotic_city, skrybe_swamp_entry_bodies,
          guppyfry_snake_entry_garden, lemuel_fruit_fields
Lair:3:   layout_loops_ring, special_room [special_room_bee], uniq_sonja,
          uniq_nergalle
Lair:4:   beargit_carnivore_pack, layout_gridlike, cheibrodos_lair_reptile_den,
          grunt_megastairs_2, uniq_snorg

Notes
Turn   | Place    | Note
-------+----------+-------------------------------------------
     0 | D:1      | Drazool the Octopode Summoner began the quest for the Orb.
     0 | D:1      | Reached XP level 1. HP: 11/11 MP: 3/3
   294 | D:1      | Reached XP level 2. HP: 17/17 MP: 0/5
   297 | D:1      | Learned a level 2 spell: Call Imp
   679 | D:1      | Found a faded altar of an unknown god.
  1101 | D:1      | Reached XP level 3. HP: 21/21 MP: 1/6
  1105 | D:1      | Learned a level 3 spell: Call Canine Familiar
  1295 | D:2      | Reached skill level 5 in Summonings
  1970 | D:3      | Found an opulent altar of Gozag.
  1977 | D:2      | Reached XP level 4. HP: 22/27 MP: 4/7
  2321 | D:3      | Killed an angel
  2425 | D:3      | Found a shimmering altar of Xom.
  2537 | D:3      | Found a radiant altar of Vehumet.
  2537 | D:3      | Noticed a charred statue
  2555 | D:3      | Killed a charred statue
  2630 | D:3      | Found a glowing silver altar of Zin.
  3201 | D:4      | Reached skill level 3 in Spellcasting
  3201 | D:4      | Reached XP level 5. HP: 13/31 MP: 1/9
  3412 | D:4      | Noticed an ogre
  3419 | D:4      | Learned a level 4 spell: Summon Blazeheart Golem
  3434 | D:4      | Killed an ogre
  3435 | D:4      | Reached skill level 4 in Spellcasting
  3435 | D:4      | Reached skill level 1 in Fire Magic
  3512 | D:4      | Reached XP level 6. HP: 36/36 MP: 7/12
  3578 | D:4      | Found a staircase to the Ecumenical Temple.
  3592 | Temple   | Entered the Ecumenical Temple
  3608 | Temple   | Became a worshipper of Elyvilon the Healer
  3665 | D:4      | Reached skill level 2 in Fire Magic
  3695 | D:4      | Reached skill level 3 in Fire Magic
  4117 | D:5      | Entered Level 5 of the Dungeon
  4337 | D:5      | Found a shimmering blue altar of Sif Muna.
  4344 | D:5      | Fell from the grace of Elyvilon
  4344 | D:5      | Became a worshipper of Sif Muna the Loreminder
  4419 | D:5      | Reached skill level 4 in Fire Magic
  4569 | D:5      | Reached XP level 7. HP: 17/41 MP: 10/13
  4689 | D:5      | Found the Hermit's Pendant {Faith Invo=14 Evo=0 MP+5}
  4846 | D:5      | Reached skill level 5 in Fire Magic
  5280 | D:6      | Reached skill level 6 in Summonings
  5581 | D:6      | Reached skill level 5 in Spellcasting
  5631 | D:6      | Found a stormy altar of Qazlal.
  5673 | D:6      | Reached XP level 8. HP: 33/46 MP: 18/18
  5944 | D:6      | Reached skill level 6 in Fire Magic
  5944 | D:6      | Reached skill level 3 in Stealth
  6007 | D:6      | Reached skill level 2 in Fighting
  6098 | D:6      | HP: 5/50 [kobold/+0 whip (6)]
  6566 | D:6      | Reached skill level 3 in Fighting
  6902 | D:6      | Found a stormy altar of Qazlal.
  7102 | D:6      | Reached skill level 7 in Summonings
  7107 | D:6      | Learned a level 4 spell: Summon Lightning Spire
  7124 | D:6      | Reached * piety under Sif Muna
  7190 | D:6      | Reached skill level 7 in Fire Magic
  7226 | D:6      | Reached XP level 9. HP: 48/56 MP: 16/19
  7356 | D:7      | Reached skill level 1 in Air Magic
  7435 | D:7      | Found a glowing golden altar of the Shining One.
  7531 | D:7      | Reached skill level 2 in Air Magic
  7628 | D:7      | Reached skill level 3 in Air Magic
  7899 | D:7      | Noticed a hornet
  7908 | D:7      | Killed a hornet
  7909 | D:7      | Reached skill level 4 in Air Magic
  8010 | D:7      | Reached skill level 5 in Air Magic
  8251 | D:8      | Reached skill level 1 in Shapeshifting
  8337 | D:8      | Reached skill level 2 in Shapeshifting
  8564 | D:8      | Reached ** piety under Sif Muna
  8697 | D:8      | Reached skill level 3 in Shapeshifting
  8837 | D:8      | Reached skill level 4 in Shapeshifting
  9347 | D:9      | Found a flagged portal.
  9381 | Bailey   | Entered a bailey
  9395 | Bailey   | Reached skill level 5 in Shapeshifting
  9411 | Bailey   | Reached XP level 10. HP: 63/63 MP: 9/20
  9432 | Bailey   | Reached skill level 6 in Shapeshifting
  9562 | Bailey   | Reached skill level 7 in Shapeshifting
  9748 | Bailey   | Noticed a vault guard
  9748 | Bailey   | Noticed Prince Ribbit
  9765 | Bailey   | Killed Prince Ribbit
  9774 | Bailey   | Killed a vault guard
  9775 | Bailey   | Reached skill level 8 in Shapeshifting
  9798 | Bailey   | Noticed a vault guard
  9813 | Bailey   | Killed a vault guard
  9813 | Bailey   | Reached *** piety under Sif Muna
  9814 | Bailey   | Reached skill level 9 in Shapeshifting
 10159 | D:9      | Reached XP level 11. HP: 67/67 MP: 21/21
 10162 | D:9      | Reached skill level 10 in Shapeshifting
 10431 | D:9      | Reached skill level 3 in Dodging
 10432 | D:9      | Reached skill level 4 in Dodging
 10442 | D:9      | Reached skill level 1 in Unarmed Combat
 10656 | D:9      | Reached skill level 2 in Unarmed Combat
 10854 | D:10     | Entered Level 10 of the Dungeon
 10860 | D:9      | Reached **** piety under Sif Muna
 11055 | D:9      | Reached skill level 3 in Unarmed Combat
 11245 | D:10     | Found a staircase to the Orcish Mines.
 11419 | D:10     | Reached skill level 4 in Unarmed Combat
 11678 | D:10     | Reached skill level 5 in Unarmed Combat
 11810 | D:10     | Reached skill level 6 in Spellcasting
 11906 | D:10     | Identified a scroll of acquirement
 11907 | D:10     | Acquired the ring "Riorr" {rElec rF+ rN++ Str-3 Slay+3}
 11968 | D:10     | Reached ***** piety under Sif Muna
 12127 | D:10     | Reached skill level 4 in Fighting
 12453 | D:11     | Noticed a death yak
 12455 | D:11     | Noticed a death yak
 12466 | D:11     | Killed a death yak
 12467 | D:11     | Reached skill level 5 in Fighting
 12471 | D:11     | Killed a death yak
 12472 | D:11     | Reached skill level 5 in Dodging
 12478 | D:11     | Noticed a death yak
 12485 | D:11     | Noticed a brown ugly thing
 12506 | D:11     | Killed a death yak
 12507 | D:11     | Reached skill level 6 in Dodging
 12516 | D:11     | Killed a brown ugly thing
 12526 | D:11     | HP: 1/71 [yak (14)]
 12533 | D:11     | Reached XP level 12. HP: 3/77 MP: 1/22
 12533 | D:11     | Noticed Urug
 12854 | D:11     | Found a staircase to the Lair.
 13020 | D:11     | Found a runed translucent gate.
 13020 | D:11     | Found a runed translucent gate.
 13020 | D:11     | Found a runed translucent gate.
 13040 | D:11     | a torpor snail changed into a two-headed ogre
 13040 | D:11     | Noticed a two-headed ogre (glowing shapeshifter)
 13050 | D:11     | Reached skill level 7 in Dodging
 13052 | D:11     | a two-headed ogre changed into a shining eye
 13054 | D:11     | a shining eye changed into a skyshark
 13054 | D:11     | Noticed a skyshark (glowing shapeshifter)
 13059 | D:11     | a skyshark changed into a moth of wrath
 13062 | D:11     | HP: 4/77 [gargoyle/+0 mace (17)]
 13080 | D:11     | a wind drake changed into a skyshark
 13080 | D:11     | Noticed a skyshark (glowing shapeshifter)
 13082 | D:11     | a skyshark changed into a brain worm
 13085 | D:11     | a torpor snail changed into a shock serpent
 13085 | D:11     | Noticed a shock serpent (glowing shapeshifter)
 13089 | D:11     | a shock serpent changed into a two-headed ogre
 13089 | D:11     | Noticed a two-headed ogre (glowing shapeshifter)
 13092 | D:11     | a two-headed ogre changed into a glass eye
 13094 | D:11     | a glass eye changed into a skyshark
 13094 | D:11     | Noticed a skyshark (glowing shapeshifter)
 13099 | D:11     | a skyshark changed into a swamp worm
 13169 | D:11     | a yak changed into a skyshark
 13169 | D:11     | Noticed a skyshark (glowing shapeshifter)
 13170 | D:11     | a skyshark changed into a wolf spider
 13174 | D:11     | a wolf spider changed into an ettin
 13174 | D:11     | Noticed an ettin (glowing shapeshifter)
 13179 | D:11     | an ettin changed into a culicivora
 13618 | Lair:1   | Entered Level 1 of the Lair of Beasts
 13682 | Lair:1   | Reached skill level 8 in Dodging
 13853 | Lair:1   | Received a gift from Sif Muna
 13854 | Lair:1   | Got Sif Muna's Guide on the Breezy Swarm {god gift}
 13864 | Lair:1   | Learned a level 3 spell: Summon Ice Beast
 14001 | Lair:1   | Reached skill level 8 in Summonings
 14027 | Lair:1   | Reached skill level 9 in Summonings
 14642 | Lair:2   | Noticed a six-headed hydra
 14648 | Lair:2   | Killed a six-headed hydra
 14649 | Lair:2   | Reached skill level 10 in Summonings
 14715 | Lair:2   | Found a staircase to the Swamp.
 14725 | Lair:2   | Reached skill level 7 in Spellcasting
 14751 | Lair:2   | Noticed a boulder beetle
 14762 | Lair:2   | Killed a boulder beetle
 14763 | Lair:2   | Reached skill level 8 in Spellcasting
 14878 | Lair:2   | Learned a level 7 spell: Summon Hydra
 14910 | Lair:2   | Found a staircase to the Snake Pit.
 14952 | Lair:2   | Reached XP level 13. HP: 62/81 MP: 25/25
 15663 | Lair:3   | Noticed Nergalle
 15673 | Lair:3   | Reached skill level 11 in Summonings
 15679 | Lair:3   | Killed Nergalle
 15844 | Lair:3   | Noticed Sonja
 15859 | Lair:3   | Killed Sonja
 16401 | Lair:3   | Received a gift from Sif Muna
 16402 | Lair:3   | Got Jazit's Atlas of Chilled Creation {god gift}
 16432 | Lair:3   | Reached skill level 12 in Summonings
 16629 | Lair:4   | Mangled by a cane toad

Vanquished Creatures
  A vault guard (Bailey)
  A hydra (Lair:2)
  2 death yaks (D:11)
  Sonja (Lair:3)
  A bog body (Lair:2)
  An ugly thing (D:11)
  2 black mambas (Lair:2)
  A gargoyle (D:11)
  4 cane toads
  3 komodo dragons
  A queen bee (Lair:3)
  2 trolls (D:10)
  A blink frog (Lair:2)
  2 shadows (D:9)
  32 yaks
  A slime creature (D:10)
  2 wyverns
  5 humans
  2 basilisks
  A naga (Lair:2)
  An acid dragon (D:9)
  3 water moccasins
  3 orc warriors
  An ice beast (D:6)
  A sky beast (D:6)
  8 wolves
  3 centaurs
  A kobold brigand (D:10)
  6 bullfrogs
  14 killer bees
  An electric eel (Lair:1)
  A howler monkey (D:6)
  5 orc priests
  A sleepcap (D:6)
  An iguana (D:6)
  9 orc wizards
  An adder (D:6)
  12 orcs
  A jackal (D:2)
  A quokka (D:11)
  5 kobolds
145 creatures vanquished.

Vanquished Creatures (collateral kills)
  A vault guard (Bailey)
  A boulder beetle (Lair:2)
  A death yak (D:11)
  Nergalle (Lair:3)
  2 cane toads
  A komodo dragon (D:11)
  A troll (D:10)
  A hornet (D:7)
  4 blink frogs (Lair:2)
  Prince Ribbit (Bailey)
  2 wyverns
  6 yaks
  4 humans
  A steam dragon (D:10)
  4 water moccasins
  A sky beast (D:6)
  3 orc warriors
  2 wolves (Lair:1)
  3 ogres
  2 centaurs (D:8)
  A phantom (D:6)
  3 kobold brigands
  17 bullfrogs
  A scorpion (D:7)
  A wight (D:7)
  9 killer bees
  A howler monkey (D:7)
  5 hounds
  2 jellies
  A gnoll bouda (D:8)
  4 orc priests
  A sleepcap (D:4)
  2 iguanas (D:5)
  5 orc wizards
  A hell rat (D:11)
  A statue (D:3)
  5 adders
  5 gnolls (D:8)
  A shadow imp (D:6)
  2 white imps (D:6)
  4 ufetubi (D:7)
  2 dart slugs
  A ribbon worm (D:2)
  33 orcs
  7 endoplasms
  3 giant cockroaches
  8 hobgoblins
  2 jackals
  21 kobolds
  3 quokkas
  7 ball pythons
  3 bats
  4 frilled lizards
  3 goblins
  3 rats
214 creatures vanquished.

Vanquished Creatures (others)
  An angel (D:3)
  95 blazeheart cores
96 creatures vanquished.

Grand Total: 455 creatures vanquished

Table legend: (Time is in decaauts)
 A = Elapsed time spent in this place.
 B = Non-inter-level travel time spent in this place.
 C = Inter-level travel time spent in this place.
 D = Time resting spent in this place.
 E = Time spent auto-exploring this place.
 F = Levels seen in this place.
 G = Mean time per level.
                   A        B        C        D        E       F      G
               +--------+--------+--------+--------+--------+-----+--------+
         Total |  16663 |  16068 |    595 |   1563 |  11162 |  17 |  980.2 |
       Dungeon |  13060 |  12569 |    491 |   1042 |   9009 |  11 | 1187.3 |
        Temple |     32 |      1 |     31 |      0 |      0 |   1 |   32.0 |
          Lair |   2966 |   2893 |     73 |    323 |   1966 |   4 |  741.5 |
        Bailey |    602 |    602 |      0 |    198 |    187 |   1 |  602.0 |
               +--------+--------+--------+--------+--------+-----+--------+

Top non-repeatable levels by time:
     D:6: 2030 daAuts
     D:9: 1328 daAuts
    D:11: 1226 daAuts
     D:5: 1216 daAuts
    D:10: 1195 daAuts
     D:1: 1181 daAuts
     D:3: 1157 daAuts
     D:8: 1123 daAuts
  Lair:1: 1018 daAuts
  Lair:3: 1006 daAuts
  Lair:2: 931 daAuts
     D:4: 899 daAuts
     D:7: 852 daAuts
     D:2: 848 daAuts
  Bailey: 602 daAuts

Table legend:
 A = Non-vault XP
 B = Vault XP
 C = Vault XP percentage of total XP
 D = Non-vault monster count
 E = Vault monster count
 F = Vault count percentage of total count
                 A         B        C        D         E       F
            +---------+---------+-------+---------+---------+-------
      Total |   26509 |   12759 |  32.5 |     281 |      78 |  21.7
            +---------+---------+-------+---------+---------+-------
        D:1 |      34 |       0 |   0.0 |      19 |       0 |   0.0
        D:2 |      50 |       0 |   0.0 |      15 |       0 |   0.0
        D:3 |      21 |      32 |  60.4 |      11 |       1 |   8.3
        D:4 |     317 |       0 |   0.0 |      23 |       0 |   0.0
        D:5 |     426 |       0 |   0.0 |       6 |       0 |   0.0
        D:6 |     841 |     674 |  44.5 |      16 |      11 |  40.7
        D:7 |     824 |      78 |   8.6 |      25 |       1 |   3.8
        D:8 |     922 |       0 |   0.0 |      21 |       0 |   0.0
        D:9 |    2591 |     419 |  13.9 |      30 |       4 |  11.8
       D:10 |    2445 |    1006 |  29.2 |      26 |      15 |  36.6
       D:11 |    2024 |    2472 |  55.0 |      17 |       5 |  22.7
     Lair:1 |    7312 |       0 |   0.0 |      41 |       0 |   0.0
     Lair:2 |    5596 |    1252 |  18.3 |      17 |       3 |  15.0
     Lair:3 |    2724 |    2531 |  48.2 |      13 |      14 |  51.9
     Lair:4 |     382 |       0 |   0.0 |       1 |       0 |   0.0
     Bailey |       0 |    4295 | 100.0 |       0 |      24 | 100.0
            +---------+---------+-------+---------+---------+-------
